 Dungeon Crawl Stone Soup version 0.22-a0-253-gf9d0ce5 (webtiles) character file.

676 KristoblXynda the Slasher (level 7, -5/57 HPs)
             Began as a Grey Draconian Fighter on Mar 3, 2018.
             Was an Initiate of Cheibriados.
             Killed from afar by an orc wizard (6 damage)
             ... with a puff of flame
             ... on level 4 of the Dungeon.
             The game lasted 00:08:30 (3525 turns).

KristoblXynda the Slasher (Grey Draconian Fighter)  Turns: 3525, Time: 00:08:31

Health: -5/57      AC: 11    Str: 20    XL:     7   Next: 33%
Magic:  7/7        EV: 12    Int: 11    God:    Cheibriados [......]
Gold:   215        SH: 10    Dex: 11    Spells: 6/6 levels left

rFire    . . .     SeeInvis .   a - +0 long sword
rCold    . . .     Gourm    .   b - +0 shield
rNeg     . . .     Faith    .   (armour unavailable)
rPois    .         Spirit   .   (helmet restricted)
rElec    .         Reflect  .   (no cloak)
rCorr    .         Harm     .   (no gloves)
MR       .....     Clarity  +   (no boots)
Stlth    +.........             (no amulet)
HPRegen  0.00/turn              (no ring)
MPRegen  0.10/turn              (no ring)

@: very slow
A: walk through water, unfitting armour, clarity, inhibited regeneration,
unbreathing, cold-blooded, AC +11
a: Bend Time, Renounce Religion


You were on level 4 of the Dungeon.
You worshipped Cheibriados.
Cheibriados was noncommittal.
You were not hungry.

You visited 1 branch of the dungeon, and saw 4 of its levels.
You also visited: Sewer.

You collected 215 gold pieces.

Inventory:

Hand Weapons
 a - a +0 long sword (weapon)
Missiles
 k - a throwing net (quivered)
Armour
 b - a +0 shield (worn)
Wands
 q - a wand of enslavement (13)
Scrolls
 h - 2 scrolls of remove curse
 j - 3 scrolls of fear
 m - a scroll of blinking {unknown}
 p - a scroll of magic mapping {unknown}
Potions
 c - 2 potions of might
 e - 2 potions of flight
 f - a potion of brilliance
 i - 4 potions of lignification
 o - 2 potions of heal wounds {unknown}
Comestibles
 d - 10 rations


   Skills:
 - Level 3.2 Fighting
 * Level 6.0 Long Blades
 + Level 4.5 Dodging
 + Level 5.0 Shields


You had 6 spell levels left.
You didn't know any spells.

Dungeon Overview and Level Annotations

Branches:
Dungeon (4/15)
 Temple: D:4-7

Altars:
Cheibriados
Elyvilon
Fedhas
Qazlal
Trog
Vehumet
The Shining One

Shops:
D:4 (


Innate Abilities, Weirdness & Mutations

You can walk through water.
Your dull iron-grey scales are very hard. (AC +11)
You cannot fit into any form of body armour.
You can survive without breathing.
You are cold-blooded and may be slowed by cold attacks.
You possess an exceptional clarity of mind.
You do not regenerate when monsters are visible.


Message History

The adder skeleton bites you but does no damage.
Something hits you but does no damage.
Unknown command.
You barely miss something. You block the jackal's attack.
The adder skeleton bites you.
* * * LOW HITPOINT WARNING * * *
You hear some strange, mumbled words.
A magic dart appears from out of thin air!
The magic dart hits you!
* * * LOW HITPOINT WARNING * * *
The jackal bites you but does no damage.
It was a potion of mutation.
You feel extremely strange.
Your regeneration stops near monsters.
Your thoughts seem clearer.
An orc wizard appears from thin air!
Reactivating autopickup.
You block the orc wizard's attack. You block the adder skeleton's attack.
The jackal bites you but does no damage.
The orc wizard points at you and mumbles some strange words.
The puff of flame hits you!
You die...

#####..................
#.##..............#
######.##.....#.........
.......##..#####...#.###
.....................##
......)..###...........
###.#...# ...#####.#
#.o...##..#### #(.
#.Z@.....# ###
#.)h.....# #
....?.......# #
...........##...
..........## ### ####
..........# #_..
..........# #..#
......#..## #.#' ###.


You could see an orc wizard, a jackal and an adder skeleton.

Vanquished Creatures
  An ogre (D:4)
  A big kobold (Sewer)
  The ghost of Tovarisch the Conjurer, an amateur DECj (D:3)
  A bullfrog (D:3)
  A hound (D:4)
  A centaur skeleton (D:4)
  2 worker ants (D:4)
  2 hound skeletons
  3 gnolls (D:2)
  7 adders
  5 river rats
  An ooze (D:2)
  3 worms
  2 dart slugs (D:1)
  A leopard gecko (D:3)
  3 orcs
  2 ball pythons (D:1)
  14 bats
  8 giant cockroaches
  11 goblins
  5 hobgoblins
  8 jackals
  3 quokkas
  8 frilled lizards
  7 kobolds
  15 rats
116 creatures vanquished.

Notes
Turn   | Place    | Note
-------+----------+-------------------------------------------
     0 | D:1      | KristoblXynda the Draconian Fighter began the quest for the Orb.
     0 | D:1      | Reached XP level 1. HP: 19/19 MP: 1/1
    81 | D:1      | Reached XP level 2. HP: 19/26 MP: 2/2
   324 | D:1      | Reached XP level 3. HP: 31/31 MP: 3/3
   505 | D:1      | Reached skill level 3 in Long Blades
  1087 | D:2      | Reached XP level 4. HP: 38/38 MP: 4/4
  1558 | D:3      | Noticed a bullfrog
  1569 | D:3      | Killed a bullfrog
  1569 | D:3      | Reached skill level 4 in Long Blades
  1569 | D:3      | Reached XP level 5. HP: 39/45 MP: 5/5
  2429 | D:3      | Noticed Tovarisch's ghost (amateur DECj)
  2440 | D:3      | Killed Tovarisch's ghost
  2440 | D:3      | Reached XP level 6. HP: 21/51 MP: 6/6
  2645 | D:4      | Reached skill level 5 in Long Blades
  2731 | D:4      | Found a glowing drain.
  2739 | Sewer    | Entered a sewer
  3080 | Sewer    | Found a glowing silver altar of Zin.
  3232 | D:4      | Your scales start taking on a dull iron-grey colour.
  3232 | D:4      | Reached XP level 7. HP: 54/57 MP: 7/7
  3232 | D:4      | Gained mutation: You can survive without breathing. [Grey Draconian growth]
  3248 | D:4      | Found a snail-covered altar of Cheibriados.
  3255 | D:4      | Found a radiant altar of Vehumet.
  3263 | D:4      | Found a white marble altar of Elyvilon.
  3272 | D:4      | Found a glowing golden altar of the Shining One.
  3277 | D:4      | Found a stormy altar of Qazlal.
  3283 | D:4      | Found a blossoming altar of Fedhas.
  3288 | D:4      | Found a bloodstained altar of Trog.
  3296 | D:4      | Became a worshipper of Cheibriados the Contemplative
  3362 | D:4      | Found Kaakly's Weapon Shoppe.
  3470 | D:4      | Reached skill level 5 in Shields
  3496 | D:4      | Reached skill level 6 in Long Blades
  3524 | D:4      | HP: 1/57 [something/magic dart (4)]
  3525 | D:4      | Gained mutation: You do not regenerate when monsters are visible. [potion of mutation]
  3525 | D:4      | Gained mutation: You possess an exceptional clarity of mind. [potion of mutation]
  3525 | D:4      | Killed from afar by an orc wizard

Vault maps used:
D:1:      ncdulo_halloftheorcs, minmay_misc_feat_five, kennysheep_small_spiral
D:2:      first_ration, minivault_19, st_stairs_8
D:3:      hangedman_decor_diamond_cutter
D:4:      grunt_temple_overflow_octagram, lightli_sewer_entry_pipes,
          serial_shops, nicolae_shop_trees
Sewer:    sewer_kobolds

Skill      XL: |  1  2  3  4  5  6  7 |
---------------+----------------------+-----
Dodging        | 3 4 |  4.5
Long Blades    | 3 4 5 6 |  6.0
Shields        | 4 5 |  5.0
Fighting       | |  3.2

Action                   |  1- 3 |  4- 6 |  7- 9 || total
-------------------------+-------+-------+-------++-------
Melee: Long sword        |   104 |   251 |    48 ||   403
       Tailslap          |     5 |    29 |     8 ||    42
  Use: Potion            |       |     3 |     2 ||     5
       Scroll            |       |       |     4 ||     4
 Stab: Sleeping          |       |     1 |       ||     1
  Eat: Chunk             |       |     7 |       ||     7
       Ration            |       |     1 |       ||     1
Armor: Skin              |    59 |    51 |    34 ||   144
Dodge: Dodged            |    78 |   117 |    36 ||   231
Block: Shield            |    92 |   134 |    42 ||   268
       Rpst.: Long sword |    23 |    34 |     9 ||    66

Table legend:
 A = Spawn XP
 B = Non-spawn XP
 C = Spawn XP percentage of total XP
 D = Spawn monster count
 E = Non-spawn monster count
 F = Spawn count percentage of total count
 G = Total turns spent on level
                    A         B        C        D         E        F      G
               +---------+---------+-------+---------+---------+-------+---------
         Total |       0 |     967 |   0.0 |       0 |     116 |   0.0 |  3525
               +---------+---------+-------+---------+---------+-------+---------
           D:1 |       0 |      58 |   0.0 |       0 |      33 |   0.0 |   712
           D:2 |       0 |     108 |   0.0 |       0 |      21 |   0.0 |   846
           D:3 |       0 |     295 |   0.0 |       0 |      36 |   0.0 |  1071
           D:4 |       0 |     362 |   0.0 |       0 |      17 |   0.0 |   498
         Sewer |       0 |     144 |   0.0 |       0 |       9 |   0.0 |   398
               +---------+---------+-------+---------+---------+-------+---------
